Map: World of Sleepers LE

Players

lIIllllIIlll (INnoVation)

  • Race: Terran Terran
  • League: Master
  • Spawn Location: 7:00

GOReynor (Reynor) - Winner!

  • Race: Zerg Zerg
  • League: Master
  • Spawn Location: 1:00

Event: HomeStory Cup XX

VOD

Have the link to the VOD?

Description

Time

  • Played on: Nov. 21, 2019, 10:34 a.m.
  • Length: 16:22

All games in this series

Show
View Real Time Build Order
Export as new Build Order

lIIllllIIlll Terran 

Build Orders: Reaper Expand 

Get SALT Encoding   

  12  0:00  SCV  
  13  0:12  SCV  
  14  0:17  Supply Depot  
  14  0:24  SCV  
  15  0:38  SCV  
  15  0:40  Barracks  
  16  0:44  Refinery  
  16  0:50  SCV  
  17  1:02  SCV  
  18  1:14  SCV  
  19  1:27  Orbital Command, Reaper  
  20  1:37  Command Center  
  20  1:48  Supply Depot  
  20  1:53  SCV  
  21  1:58  Marine  
  22  2:05  SCV  
  22  2:07  Factory  
  23  2:17  SCV  
  23  2:20  Barracks Reactor  
  24  2:29  SCV  
  25  2:37  Command Center  
  25  2:41  SCV  
  26  2:49  Orbital Command  
  26  2:53  SCV  
  27  2:58  Barracks  
  27  3:00  Hellion  
  27  3:03  Barracks Tech Lab  
  29  3:07  Hellion  
  29  3:10  SCV  
  32  3:15  SCV  
  33  3:22  Stimpack, Marine  
  33  3:24  SCV  
  35  3:27  SCV  
  35  3:33  Refinery  
  36  3:38  SCV  
  36  3:39  SCV  
  36  3:40  Marine  
  39  3:46  Starport  
  39  3:50  SCV, Orbital Command  
  39  3:51  SCV  
  39  3:53  Marine x2  
  43  3:57  Refinery  
  43  3:58  Marine  
  43  4:00  Factory Reactor  
  44  4:04  SCV x2  
  45  4:10  Refinery  
  45  4:11  Marine x2, Supply Depot  
  45  4:15  Marine  
  48  4:17  SCV x2  
  48  4:18  SCV  
  48  4:24  Supply Depot  
  51  4:29  SCV x2  
  51  4:30  Marine x2, SCV  
  56  4:33  Marine  
  57  4:41  Medivac  
  57  4:42  Medivac  
  57  4:43  SCV x2  
  63  4:46  Supply Depot, Factory Tech Lab  
  63  4:48  Marine x2  
  63  4:51  Marine, Orbital Command  
  66  4:55  SCV, Engineering Bay x2  
  66  4:57  SCV  
  68  5:02  Combat Shield  
  68  5:07  Siege Tank  
  68  5:08  SCV  
  68  5:09  SCV  
  68  5:10  Supply Depot  
  68  5:12  Marine x2  
  68  5:13  Marine  
  76  5:21  SCV x3  
  78  5:24  Terran Infantry Weapons Level 1, Supply Depot, Terran Infantry Armor Level 1  
  79  5:30  Marine x2  
  79  5:31  Marine  
  79  5:34  SCV  
  79  5:35  SCV x2  
  85  5:39  Siege Tank  
  88  5:44  Supply Depot  
  88  5:45  Medivac  
  88  5:46  Supply Depot  
  88  5:47  Medivac  
  92  5:51  SCV x3  
  94  5:57  Marine x2  
  94  5:58  Marine  
  97  6:05  Barracks x2  
  97  6:07  SCV x3  
  100  6:11  Barracks  
  100  6:13  Siege Tank  
  100  6:16  Supply Depot  
  103  6:19  Unknown  
  103  6:21  Marine x3  
  106  6:28  SCV x3  
  109  6:36  Armory  
  109  6:38  Marine  
  109  6:39  Marine x2, Supply Depot  
  112  6:40  SCV x2  
  112  6:41  SCV  
  112  6:45  Factory  
  115  6:51  Medivac x2  
  115  6:52  SCV x2  
  115  6:53  Barracks Reactor x2, SCV  
  122  6:56  Marine x3  
  125  7:07  SCV x2  
  125  7:08  SCV  
  128  7:13  Barracks Reactor  
  128  7:14  Marine x3  
  130  7:23  Supply Depot  
  130  7:25  Terran Infantry Weapons Level 2, Supply Depot  
  130  7:26  Command Center  
  126  7:36  SCV  
  126  7:37  SCV  
  109  7:42  Factory Tech Lab  
  109  7:43  Siege Tank  
  90  7:44  SCV  
  90  7:47  Terran Infantry Armor Level 2  
  90  7:49  SCV x2  
  84  7:57  SCV  
  81  8:01  SCV x2  
  81  8:02  Medivac x2  
  81  8:03  Siege Tank  
  81  8:04  Terran Vehicle Weapons Level 1  
  81  8:05  Marine  
  89  8:11  SCV  
  90  8:13  SCV x2  
  90  8:16  Siege Tank  
  90  8:17  Marine x6  
  101  8:23  SCV  
  101  8:25  SCV x2  
  104  8:27  Marine x3  
  106  8:35  Medivac, Siege Tank, Marine x6  
  106  8:36  Sensor Tower  
  106  8:40  SCV x3  
  120  8:45  Marine  
  120  8:48  Medivac, Marine x2  
  123  8:49  Siege Tank  
  123  8:52  Marine  
  123  8:53  Marine x4  
  123  8:55  SCV x2  
  135  8:59  Planetary Fortress  
  135  9:00  SCV  
  136  9:07  Siege Tank, Marine  
  136  9:08  Marine x3  
  143  9:10  Marine  
  143  9:11  Marine x2  
  143  9:13  SCV x3  
  143  9:14  Missile Turret  
  149  9:21  Sensor Tower  
  149  9:22  Medivac x2  
  153  9:25  SCV x3  
  153  9:30  Siege Tank, Marine x5  
  153  9:31  Marine  
  164  9:34  Supply Depot  
  164  9:38  Supply Depot  
  164  9:40  Supply Depot  
  164  9:49  Terran Infantry Weapons Level 3, Marine x2, Supply Depot  
  164  9:50  Siege Tank, Marine  
  159  9:55  Marine  
  159  9:56  Marine x5  
  165  10:07  Marine x2  
  165  10:10  Terran Infantry Armor Level 3  
  165  10:11  Barracks  
  165  10:12  Barracks  
  165  10:16  Barracks  
  165  10:17  Siege Tank  
  168  10:21  SCV  
  168  10:22  Refinery, SCV x2  
  168  10:26  Terran Vehicle Weapons Level 2  
  170  10:35  SCV x4  
  174  10:38  Command Center  
  174  10:40  Refinery  
  173  10:44  Marine x6, Marauder  
  173  10:45  Marine x2  
  175  10:53  Siege Tank x2  
  181  10:59  Medivac x2  
  181  11:02  Marine  
  184  11:06  Marauder  
  184  11:08  Marine x2, Barracks Tech Lab  
  184  11:09  Marine x4, Barracks Tech Lab x2  
  188  11:12  Marine  
  189  11:19  Starport  
  189  11:20  Marine  
  189  11:22  Starport  
  190  11:26  Fusion Core, Marine x4  
  190  11:27  Marauder  
  196  11:42  Marine x4  
  196  11:47  Marine  
  196  11:49  Marauder  
  196  11:50  Medivac, Marauder x2  
  196  11:51  Medivac  
  199  11:57  Starport Reactor  
  199  11:58  Starport Reactor, Marine x2  
  190  12:03  SCV x4  
  194  12:12  Liberator x2  
  191  12:19  Marauder x3  
  191  12:21  Marine  
  184  12:29  Weapon Refit  
  184  12:30  Marauder, Marine  
  184  12:31  Marine x5  
  184  12:32  Marine  
  184  12:33  Siege Tank x2  
  184  12:36  SCV x2  
  187  12:39  Missile Turret  
  187  12:47  Planetary Fortress  
  187  12:56  Marine x4, Marauder x2  
  187  12:57  Marauder x2  
  186  13:06  Terran Vehicle And Ship Armor Level 1  
  186  13:10  Marine  
  187  13:15  Marine  
  187  13:16  Marine  
  187  13:17  Marine  
  187  13:19  Marauder  
  187  13:20  Marauder  
  187  13:24  Liberator  
  187  13:31  Marauder, SCV  
  187  13:39  Marine, SCV x2  
  187  13:40  Medivac, Marine x2, SCV  
  187  13:41  Siege Tank, Marine x2  
  172  13:42  Medivac  
  172  13:43  SCV, Supply Depot  
  172  13:44  Supply Depot  
  172  13:48  Liberator  
  172  13:58  Liberator  
  172  13:59  SCV  
  172  14:00  SCV  
  172  14:01  Marauder, SCV x2  
  172  14:02  Marauder x3  
  172  14:05  Siege Tank  
  172  14:09  Command Center  
  178  14:11  SCV  
  178  14:12  Liberator  
  178  14:14  Command Center  
  182  14:23  Marauder  
  187  14:32  Unknown  
  187  14:35  Supply Depot  
  187  14:36  Supply Depot  
  187  14:38  Neosteel Armor  
  187  14:40  Liberator x2  
  187  14:43  Marine  
  188  14:51  Supply Depot  
  188  14:52  Hi-Sec Auto Tracking  
  188  14:57  Marine, Marauder  
  181  15:09  Marauder x3  
  142  15:14  Medivac x2  
  142  15:15  Medivac x2  
  142  15:16  Siege Tank  
  142  15:19  Marauder  
  142  15:21  Marine x2  
  146  15:25  Marine x2  
  146  15:26  Marine  
  150  15:30  Marauder x2  
  140  15:38  Marauder, Marine x2  
  140  15:39  Marine  
  140  15:40  Marauder  
  140  15:41  Marine  
  142  15:52  Marauder x2, Marine  
  142  15:53  Marine  
  129  15:57  SCV x2  
  129  15:58  SCV x2  
  129  15:59  Marauder  
  133  16:09  SCV  
Show
View Real Time Build Order
Export as new Build Order

GOReynor Zerg - Winner!

Build Orders: Hatch First, Lurkers 

Get SALT Encoding   

  12  0:00  Drone  
  13  0:13  Overlord  
  13  0:17  Drone  
  14  0:31  Drone x2  
  16  0:48  Hatchery  
  15  0:52  Drone  
  15  0:55  Drone  
  17  0:58  Drone  
  18  1:09  Extractor  
  17  1:14  Spawning Pool  
  17  1:16  Drone  
  17  1:20  Drone  
  18  1:28  Drone  
  19  1:39  Drone  
  20  1:50  Overlord  
  20  2:00  Queen x2  
  20  2:01  Zergling x4  
  26  2:10  Drone  
  26  2:11  Drone  
  28  2:21  Drone  
  28  2:22  Drone  
  30  2:28  Hatchery  
  29  2:32  Drone  
  29  2:34  Drone  
  31  2:37  Spore Crawler  
  31  2:41  Metabolic Boost  
  31  2:46  Queen  
  31  2:51  Overlord  
  33  2:53  Drone  
  33  2:55  Drone  
  33  2:58  Drone  
  36  3:10  Drone x4  
  36  3:11  Overlord  
  40  3:19  Drone x2  
  42  3:22  Queen  
  44  3:30  Zergling x4  
  44  3:34  Queen  
  46  3:36  Overlord  
  46  3:39  Queen  
  46  3:40  Drone  
  51  3:43  Drone  
  53  3:48  Zergling x2  
  53  3:51  Drone x2  
  53  3:55  Overlord  
  55  3:56  Drone x4  
  55  3:59  Drone  
  55  4:02  Drone  
  61  4:03  Drone  
  61  4:07  Overlord  
  62  4:13  Drone x2  
  62  4:14  Queen  
  62  4:15  Drone  
  62  4:16  Evolution Chamber  
  66  4:23  Zergling x4  
  68  4:26  Overlord  
  67  4:32  Queen, Drone x2  
  67  4:34  Drone x2  
  67  4:35  Evolution Chamber, Drone  
  67  4:38  Drone  
  74  4:40  Unknown  
  73  4:47  Drone x4  
  73  4:48  Zerg Ground Armor Level 1  
  73  4:49  Drone x3  
  73  4:52  Zergling x4  
  82  5:00  Zergling x4  
  82  5:01  Zerg Melee Weapons Level 1  
  82  5:02  Extractor  
  82  5:05  Zergling x8  
  87  5:10  Overlord  
  87  5:12  Lair  
  87  5:15  Drone x2  
  87  5:21  Baneling Nest, Zergling x2  
  89  5:23  Overlord  
  89  5:28  Extractor  
  88  5:30  Hatchery, Zergling x2  
  88  5:31  Zergling x2  
  88  5:32  Drone x5  
  94  5:37  Drone x3  
  94  5:39  Extractor  
  94  5:40  Zergling x2  
  97  5:46  Zergling x4  
  97  5:48  Zergling x4  
  97  5:49  Zergling x2  
  102  5:55  Zergling x8  
  105  5:59  Overlord  
  105  6:05  Overlord  
  105  6:09  Centrifical Hooks  
  105  6:12  Overlord  
  105  6:13  Unknown  
  105  6:16  Queen  
  106  6:19  Zergling x8  
  106  6:20  Drone x3  
  106  6:24  Hydralisk Den  
  112  6:25  Infestation Pit  
  112  6:27  Zergling x6  
  112  6:28  Overlord  
  112  6:31  Drone x3  
  117  6:40  Zergling x10  
  117  6:41  Baneling  
  117  6:42  Baneling x5  
  117  6:44  Zerg Ground Armor Level 2  
  123  6:47  Drone  
  123  6:49  Drone x3  
  123  6:50  Overseer  
  126  6:56  Lurker Den, Overlord  
  126  6:58  Hydralisk  
  127  7:03  Hydralisk  
  127  7:04  Zergling x4  
  131  7:08  Hydralisk  
  131  7:13  Hydralisk  
  131  7:14  Zergling x12  
  139  7:18  Overlord  
  139  7:20  Zerg Melee Weapons Level 2, Hive  
  139  7:22  Baneling  
  139  7:23  Baneling  
  139  7:24  Drone x3  
  139  7:26  Drone  
  139  7:28  Hydralisk  
  140  7:32  Drone  
  140  7:33  Zergling x2  
  140  7:35  Spawning Pool  
  140  7:36  Hydralisk  
  134  7:38  Hydralisk  
  115  7:44  Hydralisk  
  115  7:47  Drone x2  
  114  7:52  Drone x2  
  114  7:53  Drone x5  
  114  7:55  Extractor  
  114  7:56  Extractor  
  114  7:58  Hydralisk  
  109  7:59  Hydralisk x2  
  109  8:01  Muscular Augments  
  113  8:07  Lurker  
  113  8:10  Hydralisk  
  113  8:12  Overlord  
  116  8:13  Drone x2  
  116  8:15  Lurker  
  116  8:16  Drone x2  
  121  8:20  Drone x5  
  121  8:21  Queen  
  121  8:22  Extractor  
  121  8:24  Queen x2  
  121  8:26  Hydralisk  
  131  8:28  Hydralisk  
  131  8:31  Hydralisk, Zergling x2  
  131  8:33  Overlord  
  138  8:35  Hydralisk  
  138  8:36  Zergling x4  
  138  8:38  Drone  
  138  8:39  Drone x2  
  138  8:40  Seismic Spines  
  145  8:42  Queen  
  145  8:44  Hydralisk  
  149  8:49  Overlord  
  149  8:50  Overlord  
  148  9:00  Baneling x6, Zergling x2  
  148  9:01  Zergling x10  
  154  9:07  Lurker x3  
  154  9:08  Hatchery, Zergling x2  
  154  9:09  Zergling x14  
  164  9:13  Grooved Spines, Zergling x6  
  167  9:17  Baneling x4  
  167  9:23  Overlord  
  167  9:31  Overlord x2  
  167  9:33  Zerg Ground Armor Level 3  
  166  9:42  Adaptive Talons, Viper  
  166  9:44  Zergling x2  
  166  9:45  Zergling x10  
  175  9:47  Spore Crawler  
  175  9:51  Viper  
  174  9:55  Drone x10  
  174  9:58  Hydralisk, Zergling x4  
  188  10:03  Lurker x2  
  188  10:05  Zergling x6  
  192  10:07  Overlord  
  192  10:08  Spore Crawler  
  192  10:13  Hydralisk  
  191  10:23  Hydralisk  
  191  10:24  Zergling x10  
  191  10:25  Overlord  
  197  10:32  Queen  
  197  10:33  Spore Crawler  
  197  10:34  Lurker, Spore Crawler  
  197  10:35  Lurker  
  199  10:37  Zerg Melee Weapons Level 3  
  199  10:38  Adrenal Glands  
  199  10:41  Unknown  
  198  10:46  Zergling x6  
  198  10:49  Hydralisk  
  198  10:50  Zergling x4  
  197  11:07  Zergling x8  
  199  11:23  Hatchery  
  199  11:24  Baneling x3  
  199  11:25  Baneling x3, Overseer x3  
  198  11:28  Overseer  
  198  11:32  Nydus Network  
  197  11:37  Zergling x2  
  197  11:38  Zergling x2  
  197  11:39  Zergling x6  
  199  11:40  Zergling x4  
  199  11:43  Hydralisk  
  199  11:44  Zergling x2  
  189  11:57  Hydralisk, Zergling x2  
  189  11:58  Zergling x24  
  196  12:04  Viper x2  
  195  12:17  Hydralisk, Zergling x4  
  195  12:18  Zergling x12  
  195  12:19  Drone x5  
  195  12:20  Zergling x2  
  195  12:21  Zergling x4  
  199  12:27  Drone x4  
  199  12:29  Hydralisk x2  
  191  12:30  Zergling x12  
  191  12:34  Lurker x3  
  199  12:37  Baneling  
  199  12:38  Baneling x11  
  199  12:43  Nydus Canal  
  199  12:51  Spine Crawler x2  
  198  12:53  Queen, Spore Crawler, Drone x2  
  198  12:54  Spine Crawler, Extractor  
  198  12:55  Spine Crawler, Extractor  
  198  12:58  Zergling x22  
  196  13:00  Baneling x22  
  199  13:09  Zerg Missile Weapons Level 1  
  199  13:11  Zergling x2, Spire  
  198  13:27  Hydralisk  
  198  13:28  Zergling x8  
  198  13:33  Zergling x28  
  185  13:41  Hydralisk  
  185  13:42  Zergling x20  
  191  13:49  Nydus Canal  
  191  13:53  Drone x3  
  194  13:55  Hydralisk  
  194  13:56  Zergling x6  
  194  13:59  Pneumatized Carapace  
  195  14:10  Baneling x2  
  195  14:11  Baneling x5  
  195  14:12  Lurker x3  
  195  14:13  Lurker  
  199  14:24  Spore Crawler  
  199  14:26  Spore Crawler x2  
  196  14:39  Greater Spire  
  196  14:45  Zergling x2  
  196  14:46  Zergling x4  
  199  15:05  Hydralisk, Zergling x6  
  199  15:06  Zergling x18  
  198  15:10  Hydralisk  
  198  15:11  Zergling x28  
  198  15:12  Hydralisk, Zergling x2  
  198  15:13  Zergling x8  
  195  15:25  Zergling x10  
  200  15:32  Nydus Canal  
  200  15:48  Nydus Canal  
  191  15:55  Hydralisk x8  
Tags
 
Add a new tag
Caveats
  • Supply blocks, unpowered buildings, or Contaminate may cause inaccurate times.
  • Supply counts are checked every 10 seconds.